 Dungeon Crawl Stone Soup version 0.31-a0-237-g2d982f9f85 (webtiles) character file.

Game seed: 4431159773257884681

920 qw the Skirmisher (level 7, -3/61 HPs)
             Began as a Minotaur Hexslinger on July 10, 2023.
             Slain by a killer bee (4 damage)
             ... on level 5 of the Dungeon.
             The game lasted 00:01:56 (3998 turns).

qw the Skirmisher (Minotaur Hexslinger)             Turns: 3998, Time: 00:01:56

Health: -3/61      AC:  8    Str: 12    XL:     7   Next: 83%
Magic:  7/7        EV: 14    Int: 10    God:
Gold:   338        SH:  0    Dex: 19    Spells: 7/8 levels left

rFire   . . .        Y - +1 sling
rCold   + . .        (no shield)
rNeg    . . .        g - +0 robe "Odud Haf" {rC+ Dex+4}
rPois   .            (helmet restricted)
rElec   .            (no cloak)
rCorr   .            a - +1 pair of gloves
SInv    +            (no boots)
Will    .....        (no amulet)
Stlth   ++           h - +4 ring of protection
HPRegen 0.30/turn    n - ring of see invisible
MPRegen 0.10/turn

%: no passive effects
@: lethally poisoned (-3 -> -8)
A: horns 2, retaliatory headbutt
a: no special abilities


You were on level 5 of the Dungeon.
You visited 1 branch of the dungeon, and saw 5 of its levels.
You also visited: Sewer.

You collected 338 gold pieces.


Innate Abilities, Weirdness & Mutations

You have a pair of horns on your head.
You reflexively headbutt those who attack you in melee.


   Skills:
 - Level 5.4 Fighting
 + Level 8.2 Ranged Weapons
 - Level 3.5 Dodging
 - Level 1.0 Spellcasting
 - Level 2.0 Hexes


You had 7 spell levels left.
You knew the following spells:

 Your Spells              Type           Power      Damage    Failure   Level
a - Slow                  Hex            16%        N/A       16%         1

Your spell library contained the following spells:

 Spells                   Type           Power      Damage    Failure   Level
 Inner Flame              Hex/Fire       2%         N/A       56%         3
 Portal Projectile        Hex/Tloc       4%         N/A       56%         3
 Cause Fear               Hex            2%         N/A       83%         4

Inventory:

Hand Weapons
 Y - a +1 sling (weapon)
Armour
 a - a +1 pair of gloves (worn)
 g - the +0 robe "Odud Haf" (worn) {rC+ Dex+4}
   (You found it on level 2 of the Dungeon)

   Dex:       It affects your dexterity (+4).
   rC:        It protects you from cold.
Jewellery
 h - a +4 ring of protection (left hand)
 k - a ring of positive energy
 n - a ring of see invisible (right hand)
Scrolls
 m - a scroll of identify
Potions
 b - a potion of ambrosia {unknown}
 c - a potion of brilliance {unknown}
 d - a potion of haste {unknown}
 e - a potion of cancellation {unknown}
 f - 3 potions of enlightenment {unknown}
 j - a potion of curing
 l - 2 potions of resistance {unknown}
 o - 2 potions of degeneration {unknown}

Dungeon Overview and Level Annotations

Branches:
Dungeon (5/15)              Sewer (visited)
 Temple: D:4-7

Altars:
Hepliaklqana
Makhleb
Xom

Shops:
D:5 (

Annotations:
D:4 1 runed translucent door, Crazy Yiuf


Message History

You feel very sick.
A killer bee comes into view.
The killer bee closely misses you. The killer bee barely misses you.
The killer bee stings you!
You are more poisoned.
The killer bee poisons you!
A killer bee comes into view.
The killer bee barely misses you.
You shoot a sling bullet. The killer bee buzzes angrily. x2
The sling bullet hits the killer bee!
You kill the killer bee!
You feel very sick. The killer bee closely misses you.
The killer bee stings you.
You shoot a sling bullet. The sling bullet misses the killer bee.
You feel very sick. The killer bee barely misses you.
The killer bee completely misses you.
You shoot a sling bullet.
The sling bullet closely misses the killer bee.
You feel very sick.
A killer bee comes into view.
The killer bee closely misses you.
A killer bee comes into view.
The killer bee closely misses you. You furiously retaliate!
You headbutt the killer bee. You shoot a sling bullet.
The killer bee buzzes angrily.
The sling bullet hits the killer bee.
The killer bee is heavily wounded.
You feel sick. The killer bee stings you.
You shoot a sling bullet.
The sling bullet closely misses the killer bee.
The sling bullet hits the killer bee!
The killer bee is heavily wounded.
You feel sick. The killer bee stings you.
The killer bee stings you but does no damage.
The killer bee misses you.
The killer bee stings you but does no damage.
The killer bee stings you.
You die...

####.........###...............
#....)........# ##..........#..
#..........?..####....
##..#..)..............
#.##.......#..[...... ...
#......##.........
............#..........
.............##.........
...#.........###@#......
##.........#yyy.....#
.y.......## ..%#.###...#
...y### ..... .... .>.. ... ...
.. ...


You could see 5 killer bees.

Vanquished Creatures
  A black bear (D:5)
  A phantom (D:5)
  A bullfrog (Sewer)
  Blork the orc (D:4)
  A gnoll sergeant (D:5)
  A killer bee (D:5)
  A crimson imp (D:3)
  A hound (D:5)
  A gnoll bouda (D:5)
  Jessica (D:2)
  2 iguanas
  Natasha (thrice) (D:4)
  6 adders
  11 gnolls (D:5)
  5 worms
  2 dart slugs
  9 orcs
  4 bats
  4 endoplasms
  10 giant cockroaches
  3 goblins
  4 hobgoblins
  5 jackals
  7 quokkas
  10 ball pythons
  6 frilled lizards
  12 kobolds
  9 rats
122 creatures vanquished.

Notes
Turn   | Place    | Note
-------+----------+-------------------------------------------
     0 | D:1      | qw the Minotaur Hexslinger began the quest for the Orb.
     0 | D:1      | Reached XP level 1. HP: 16/16 MP: 1/1
     0 | D:1      | 0 ||| qw: Version: 0.3-a-52-g30416fa
     0 | D:1      | 0 ||| qw: Game counter: 5063
     0 | D:1      | 0 ||| qw: Melee chars always use a shield: true
     0 | D:1      | 0 ||| qw: God list: Okawaru
     0 | D:1      | 0 ||| qw: Allow faded altars: false
     0 | D:1      | 0 ||| qw: Do Orc after clearing Dungeon:15 true
     0 | D:1      | 0 ||| qw: Do second Lair branch before Depths: true
     0 | D:1      | 0 ||| qw: Lair rune preference: random
     0 | D:1      | 0 ||| qw: Goals: Normal
     0 | D:1      | 0 ||| PLANNING D:1-11
   151 | D:1      | Reached skill level 3 in Ranged Weapons
   151 | D:1      | Reached XP level 2. HP: 23/23 MP: 2/2
   277 | D:1      | Found a faded altar of an unknown god.
   424 | D:1      | Reached XP level 3. HP: 27/29 MP: 3/3
   668 | D:1      | 668 ||| UPGRADING to +4 ring of protection.
   669 | D:1      | 669 ||| READING scroll labelled SOSSOD AFRURI.
   670 | D:1      | 670 ||| DROPPING scroll of poison.
   869 | D:2      | Reached skill level 4 in Ranged Weapons
   890 | D:2      | Identified the +0 robe "Odud Haf" {rC+ Dex+4}
   918 | D:2      | Noticed Jessica
   921 | D:2      | Killed Jessica
   922 | D:2      | Reached XP level 4. HP: 21/36 MP: 4/4
  1321 | D:2      | 1321 ||| UPGRADING to +0 robe "Odud Haf" {rC+ Dex+4}.
  1331 | D:2      | 1331 ||| DROPPING +0 robe.
  1332 | D:2      | 1332 ||| DROPPING +0 ring mail of cold resistance.
  1333 | D:2      | 1333 ||| READING scroll labelled QUBOCH CUDELEY.
  1334 | D:2      | 1334 ||| READING scroll labelled MEF BE MADGH.
  1335 | D:2      | 1335 ||| DRINKING 2 bubbling yellow potions.
  1336 | D:2      | 1336 ||| DRINKING 2 purple potions.
  1358 | D:3      | 1358 ||| PLANNING SEWER
  1444 | D:3      | Found a glowing drain.
  1460 | D:3      | 1460 ||| Stepping ~*~*~tactically~*~*~ (water).
  1465 | D:3      | 1465 ||| Stepping ~*~*~tactically~*~*~ (water).
  1472 | D:3      | Reached skill level 5 in Ranged Weapons
  1478 | Sewer    | Entered a sewer
  1491 | Sewer    | 1491 ||| Stepping ~*~*~tactically~*~*~ (water).
  1493 | Sewer    | 1493 ||| Stepping ~*~*~tactically~*~*~ (water).
  1685 | Sewer    | Reached skill level 3 in Fighting
  1735 | Sewer    | Noticed a bullfrog
  1742 | Sewer    | Killed a bullfrog
  1743 | Sewer    | Reached XP level 5. HP: 45/45 MP: 5/5
  1950 | Sewer    | 1950 ||| UPGRADING to +0 pair of gloves.
  1955 | Sewer    | 1955 ||| READING scroll labelled CURRODGH BEYMI.
  1975 | D:3      | 1975 ||| PLANNING D:1-11
  2129 | D:3      | Found a shimmering altar of Xom.
  2131 | D:3      | Found a burning altar of Makhleb.
  2138 | D:3      | Reached skill level 6 in Ranged Weapons
  2241 | D:3      | 2241 ||| Stepping ~*~*~tactically~*~*~ (water).
  2260 | D:3      | 2260 ||| Stepping ~*~*~tactically~*~*~ (water).
  2671 | D:3      | 2671 ||| UPGRADING to ring of see invisible.
  2672 | D:3      | 2672 ||| READING 2 scrolls labelled IDWASHOEFO.
  2673 | D:3      | 2673 ||| READING scroll of enchant armour.
  2673 | D:3      | 2673 ||| ENCHANTING +0 pair of gloves.
  2674 | D:3      | 2674 ||| READING scroll labelled IDGHUE UPYLL.
  2677 | D:3      | 2677 ||| DRINKING 2 blue potions.
  2678 | D:3      | 2678 ||| DROPPING potion of attraction.
  2751 | D:4      | Found a hazy altar of Hepliaklqana.
  2834 | D:4      | Noticed Natasha
  2842 | D:4      | Killed Natasha
  2843 | D:4      | Reached XP level 6. HP: 52/52 MP: 6/6
  2891 | D:4      | Noticed Natasha
  2893 | D:4      | 2893 ||| Stepping ~*~*~tactically~*~*~ (outnumbered).
  2895 | D:4      | 2895 ||| Stepping ~*~*~tactically~*~*~ (outnumbered).
  2898 | D:4      | 2898 ||| Stepping ~*~*~tactically~*~*~ (outnumbered).
  2900 | D:4      | 2900 ||| Stepping ~*~*~tactically~*~*~ (outnumbered).
  2911 | D:4      | Killed Natasha
  3076 | D:4      | Noticed Blork the orc
  3092 | D:4      | Killed Blork the orc
  3093 | D:4      | Reached skill level 3 in Dodging
  3177 | D:4      | Noticed Natasha
  3184 | D:4      | Killed Natasha
  3360 | D:4      | Found a runed translucent door.
  3361 | D:4      | Noticed Crazy Yiuf
  3364 | D:4      | 3364 ||| DRINKING 3 viscous cyan potions.
  3473 | D:4      | 3473 ||| DROPPING 2 potions of berserk rage.
  3513 | D:5      | Entered Level 5 of the Dungeon
  3583 | D:5      | Found Jouhinoam's Antique Weapon Boutique.
  3599 | D:5      | 3599 ||| Stepping ~*~*~tactically~*~*~ (outnumbered).
  3601 | D:5      | 3601 ||| FLEEEEING.
  3602 | D:5      | 3602 ||| FLEEEEING.
  3603 | D:5      | 3603 ||| FLEEEEING.
  3625 | D:5      | Reached skill level 7 in Ranged Weapons
  3625 | D:5      | Reached XP level 7. HP: 41/59 MP: 7/7
  3640 | D:5      | HP: 12/59 [gnoll/+0 spear[a gnoll bouda] (6)]
  3641 | D:5      | 3641 ||| DRINKING potion of heal wounds.
  3652 | D:5      | Reached skill level 8 in Ranged Weapons
  3994 | D:5      | HP: 14/61 [killer bee (5)]
  3997 | D:5      | HP: 6/61 [killer bee (1)]
  3998 | D:5      | HP: 1/61 [killer bee (3)]
  3998 | D:5      | Slain by a killer bee

Levels and vault maps discovered:
D:1:      co_arrival_random_square_maze, layout_rooms, basic_ecumenical_altar
D:2:      minmay_alternating_diamond, layout_rooms, dreamdust_princess_bridge,
          kennysheep_generic_room_10, uniq_jessica
D:3:      layout_basic, grunt_temple_overflow_champion_of_chaos,
          cheibrodos_sewer_entry_bend, grunt_decor_arrowhead,
          kennysheep_cluttered_room, minmay_crystal_water,
          chequers_serial_rivers_micro_b, kennysheep_potato
D:4:      layout_cave_pools, nicolae_hepliaklqana_hazy_memory, uniq_natasha,
          uniq_blork_the_orc, uniq_crazy_yiuf_cottage
D:5:      layout_cave_pools, marbit_many_paths, serial_gnoll_camp,
          gnoll_camp_mini_shop, gnoll_camp_mini_sergeant, gnoll_camp_mini_shop,
          gnoll_camp_mini_shop

Skill      XL: |  1  2  3  4  5  6  7 |
---------------+----------------------+-----
Ranged Weapons | 3 4 5 6 7 8 |  8.2
Fighting       | 2 3 4 5 |  5.4
Dodging        | 3 |  3.5
Spellcasting   | |  1.0
Hexes          | |  2.0

Action                     |  1- 3 |  4- 6 |  7- 9 || total
---------------------------+-------+-------+-------++-------
   Fire: Sling             |   101 |   292 |    93 ||   486
    Use: Scroll            |     1 |     6 |       ||     7
         Potion            |       |     4 |     1 ||     5
 Armour: Robe              |     8 |    45 |    24 ||    77
  Dodge: Dodged            |    18 |   101 |    75 ||   194

Table legend:
 A = Non-vault XP
 B = Vault XP
 C = Vault XP percentage of total XP
 D = Non-vault monster count
 E = Vault monster count
 F = Vault count percentage of total count
                 A         B        C        D         E       F
            +---------+---------+-------+---------+---------+-------
      Total |     767 |     548 |  41.7 |      86 |      36 |  29.5
            +---------+---------+-------+---------+---------+-------
        D:1 |      53 |       0 |   0.0 |      33 |       0 |   0.0
        D:2 |      19 |      45 |  70.3 |      11 |       4 |  26.7
        D:3 |      46 |      65 |  58.6 |      17 |       6 |  26.1
        D:4 |     130 |     122 |  48.4 |      11 |       2 |  15.4
        D:5 |     519 |     181 |  25.9 |      14 |       8 |  36.4
      Sewer |       0 |     135 | 100.0 |       0 |      16 | 100.0
            +---------+---------+-------+---------+---------+-------
